 Dungeon Crawl Stone Soup version 0.19.0-20-gbc5f0c6 (webtiles) character file.

2260 GlenndL the Sneak (level 9, -3/61 HPs)
             Began as an Octopode Fighter on Nov 17, 2016.
             Was a Believer of Okawaru.
             Slain by mibe's ghost (9 damage)
             ... on level 7 of the Dungeon.
             The game lasted 00:24:20 (5074 turns).

GlenndL the Sneak (Octopode Fighter)                Turns: 5074, Time: 00:24:21

Health: -3/61      AC:  3    Str: 19    XL:     9   Next: 38%
Magic:  7/9        EV: 17    Int: 10    God:    Okawaru [**....]
Gold:   294        SH: 13    Dex: 11    Spells: 0 memorised, 8 levels left

rFire  . . .     SeeInvis .     l - +2 falchion (flame)
rCold  . . .     Gourm    .     b - +1 shield
rNeg   . . .     Faith    .     (helmet restricted)
rPois  +         Spirit   .     (no amulet)
rElec  .         Reflect  .     i - +2 ring of protection
rCorr  .         Harm     .     n - ring of poison resistance
MR     .....                    (no ring)
Stlth  ++++++....               (no ring)
                                (no ring)
                                (no ring)
                                (no ring)
                                (no ring)

@: about to teleport, heroism
A: almost no armour, stealthy swim, amphibious, 8 rings, constrict 8, camouflage
1, gelatinous body 1
a: Heroism, Renounce Religion


You were on level 7 of the Dungeon.
You worshipped Okawaru.
Okawaru was pleased with you.
You were not hungry.

You visited 1 branch of the dungeon, and saw 7 of its levels.

You collected 294 gold pieces.

Inventory:

Hand Weapons
 a - a +0 long sword
 g - a +4 quarterstaff
 l - a +2 falchion of flaming (weapon)
 o - a +0 scythe
 s - a +0 club
 t - a +0 hunting sling
 D - a +0 fustibalus
 G - a +1 falchion of holy wrath
 J - a +2 flail
 K - a +2 halberd
Missiles
 u - 180 stones (quivered)
Armour
 b - a +1 shield (worn)
Jewellery
 f - an uncursed amulet of rage {unknown}
 i - a +2 ring of protection (left tentacle)
 n - a ring of poison resistance (right tentacle)
 C - an uncursed ring of protection from magic {unknown}
Wands
 y - a wand of disintegration (11/24)
 F - a wand of disintegration (8/24)
Scrolls
 c - a scroll of identify
 e - a scroll of recharging
 j - 2 scrolls of random uselessness
 v - a scroll of remove curse
 w - a scroll of amnesia
Potions
 k - 3 potions of curing {unknown}
 m - 2 potions of cure mutation
 r - 2 potions of degeneration {unknown}
 z - 2 potions of brilliance {unknown}
 A - a potion of ambrosia {unknown}
 B - a potion of haste {unknown}
 E - a potion of might
 I - a potion of magic {unknown}
Books
 p - a book of Cantrips

   Spells                             Type                      Level
   a - Confusing Touch                Hexes                        1
   b - Animate Skeleton               Necromancy                   1
   c - Summon Small Mammal            Summoning                    1
   d - Apportation                    Translocation                1
Comestibles
 d - 4 bread rations
 h - a beef jerky
 q - 2 meat rations
 H - 7 chunks of flesh


   Skills:
 + Level 5.2(10.2) Fighting
 + Level 7.2(12.2) Long Blades
 + Level 5.6(10.6) Dodging
 + Level 7.7(12.7) Stealth
 + Level 5.8(10.8) Shields
 + Level 0.4 Invocations
 + Level 1.0 Evocations


You had 8 spell levels left.
You didn't know any spells.

Dungeon Overview and Level Annotations

Branches:
Dungeon (7/15)             Temple (0/1) D:6

Altars:
Hepliaklqana
Makhleb
Nemelex Xobeh
Okawaru

Annotations:
D:7 mibe's ghost, novice DDBe


Innate Abilities, Weirdness & Mutations

You cannot wear most types of armour.
You are very stealthy in the water. (Stealth+)
You are amphibious.
You can wear up to eight rings at the same time.
You can use your tentacles to constrict eight enemies at once.
Your skin changes colour to match your surroundings (Stealth+).
Your rubbery body absorbs attacks. (AC +1, EV +1)


Message History

Mibe's ghost is moderately damaged.
Mibe's ghost hits you!
You hit mibe's ghost but do no damage. You squeeze mibe's ghost.
Mibe's ghost is moderately damaged.
Mibe's ghost hits you.
* * * LOW HITPOINT WARNING * * *
You block mibe's ghost's attack.
You hit mibe's ghost. You burn mibe's ghost. You squeeze mibe's ghost.
Mibe's ghost is heavily damaged.
You gain the combat prowess of a mighty hero.
Mibe's ghost hits you!
* * * LOW HITPOINT WARNING * * *
Unknown command.
You closely miss mibe's ghost.
Mibe's ghost is heavily damaged.
You block mibe's ghost's attack.
As you read the scroll of teleportation, it crumbles to dust.
You feel strangely unstable. You block mibe's ghost's attack.
Mibe's ghost hits you!
You die...

........... ##.........##
#### ............# ..#..
............### ....#
................# ...#
.............##.# ###...#.
.............##.####.....#.
..........W..##............
.......>..@.###....#.......
#........###)..#.........
##...##[.....###.........
###.[...##### #.........
###.#...# ###.........
...###...............
...### ######......... ###
#......... #(...))..#


You could see mibe's ghost.

Vanquished Creatures
  Sigmund (D:2)
  2 orc warriors
  2 phantoms
  2 centaurs (D:5)
  4 bullfrogs
  Blork the orc (D:5)
  A wyvern skeleton (D:7)
  A scorpion (D:6)
  9 wights
  2 crimson imps (D:5)
  A hound (D:5)
  2 jellies
  2 orc priests (D:6)
  A centaur skeleton (D:5)
  7 orc wizards
  2 iguanas
  3 worker ants
  Terence (D:2)
  A killer bee zombie (D:6)
  12 adders
  A worm (D:6)
  A dart slug (D:5)
  3 leopard geckos
  20 orcs
  2 ball pythons (D:3)
  6 giant cockroaches
  6 goblins
  3 hobgoblins
  9 jackals
  5 bats
  6 frilled lizards
  7 kobolds
  A leopard gecko zombie (D:6)
  3 rats
  4 plants
134 creatures vanquished.

Notes
Turn   | Place    | Note
-------+----------+-------------------------------------------
     0 | D:1      | GlenndL the Octopode Fighter began the quest for the Orb.
     0 | D:1      | Reached XP level 1. HP: 16/16 MP: 1/1
   196 | D:1      | Reached XP level 2. HP: 20/21 MP: 2/2
  1042 | D:2      | Reached XP level 3. HP: 26/26 MP: 3/3
  1048 | D:2      | Noticed Sigmund
  1057 | D:2      | Killed Sigmund
  1057 | D:2      | Reached XP level 4. HP: 28/31 MP: 4/4
  1057 | D:2      | Reached XP level 5. HP: 32/36 MP: 5/5
  1180 | D:2      | Found an iron altar of Okawaru.
  1192 | D:2      | Became a worshipper of Warmaster Okawaru
  1503 | D:2      | Noticed Terence
  1509 | D:2      | Killed Terence
  1681 | D:2      | Reached XP level 6. HP: 42/42 MP: 6/6
  2136 | D:3      | Found a sparkling altar of Nemelex Xobeh.
  2145 | D:3      | Found a hazy altar of Hepliaklqana.
  2153 | D:3      | Found a burning altar of Makhleb.
  2613 | D:4      | Noticed a phantom
  2639 | D:4      | Killed a phantom
  2639 | D:4      | Reached XP level 7. HP: 20/47 MP: 7/7
  3094 | D:5      | Entered Level 5 of the Dungeon
  3100 | D:5      | Reached * piety under Okawaru
  3237 | D:5      | Noticed Blork the orc
  3245 | D:5      | Killed Blork the orc
  3245 | D:5      | Reached skill level 5 in Stealth
  3291 | D:5      | Reached skill level 5 in Long Blades
  3411 | D:5      | Reached XP level 8. HP: 30/54 MP: 8/8
  3822 | D:5      | Reached skill level 5 in Dodging
  3822 | D:5      | Reached skill level 5 in Shields
  3866 | D:6      | Reached ** piety under Okawaru
  4009 | D:6      | Found a staircase to the Ecumenical Temple.
  4441 | D:6      | Reached XP level 9. HP: 18/60 MP: 9/9
  4954 | D:7      | Reached skill level 5 in Fighting
  4954 | D:7      | Reached skill level 1 in Evocations
  5049 | D:7      | Reached *** piety under Okawaru
  5058 | D:7      | Noticed mibe's ghost (novice DDBe)
  5074 | D:7      | Slain by mibe's ghost

Skill      XL: |  1  2  3  4  5  6  7  8  9 |
---------------+----------------------------+-----
Long Blades    | 3 4 5 6 7 |  7.2
Dodging        | 4 5 |  5.6
Stealth        | 2 4 5 6 7 |  7.7
Shields        | 4 5 |  5.8
Fighting       | 4 5 |  5.2
Evocations     | 1 |  1.0
Invocations    | |  0.4

Action                   |  1- 3 |  4- 6 |  7- 9 || total
-------------------------+-------+-------+-------++-------
Melee: Long sword        |    68 |   101 |   106 ||   275
       Tentacles         |    10 |    29 |    58 ||    97
       Constrict         |    11 |    27 |    45 ||    83
       Falchion          |       |       |    93 ||    93
       Punch             |       |       |     1 ||     1
Invok: Heroism           |       |       |     3 ||     3
Evoke: Wand              |       |       |     5 ||     5
  Use: Scroll            |       |     9 |     5 ||    14
       Potion            |       |       |     2 ||     2
 Stab: Sleeping          |     3 |    10 |    16 ||    29
       Distracted        |       |       |     1 ||     1
  Eat: Chunk             |       |     3 |       ||     3
       Pizza             |       |     1 |       ||     1
       Bread ration      |       |       |     2 ||     2
Armor: Skin              |     2 |     3 |    20 ||    25
Dodge: Dodged            |    15 |    25 |    83 ||   123
Block: Shield            |    19 |    30 |   105 ||   154
       Rpst.: Long sword |     3 |    14 |    16 ||    33
       Falchion          |       |       |    13 ||    13
